 Dungeon Crawl Stone Soup version 0.28.0-53-g5a82cb258f (webtiles) character file.

Game seed: 1360034860817813425

32 astralcataclysm the Magician (level 3, 0/25 HPs)
             Began as a Djinni Fire Elementalist on Aug 11, 2022.
             Slain by a quokka (2 damage)
             ... on level 2 of the Dungeon.
             The game lasted 00:05:58 (1624 turns).

astralcataclysm the Magician (DjFE)                 Turns: 1624, Time: 00:05:59

Health: 0/25       AC:  2    Str:  7    XL:     3   Next: 45%
Gold:   42         EV: 12    Int: 18    God:
                   SH:  0    Dex: 13

rFire   + + .      SeeInvis .   d - +0 dagger
rCold   x . .      Faith    .   (no shield)
rNeg    . . .      Spirit   .   a - +0 robe
rPois   ∞          Reflect  .   (no helmet)
rElec   .          Harm     .   (no cloak)
rCorr   .          Rampage  .   (no gloves)
Will    .....                   (boots unavailable)
Stlth   ++........              (no amulet)
HPRegen 0.08/turn               (no ring)
MPRegen 0.00/turn               (no ring)

@: flying
A: sickness immunity, fire resistance 2, cold vulnerability 1, float, innate
caster, HP casting, extra vitality 1
a: no special abilities


You were on level 2 of the Dungeon.
You visited 1 branch of the dungeon, and saw 2 of its levels.

You collected 42 gold pieces.

Inventory:

Hand Weapons
 d - a +0 dagger (weapon)
Armour
 a - a +0 robe (worn)
Scrolls
 b - a scroll of identify {unknown}
 e - a scroll of blinking {unknown}
 f - a scroll of immolation {unknown}
 g - a scroll of amnesia {unknown}
Potions
 c - a potion of heal wounds {unknown}
 h - a potion of degeneration {unknown}


   Skills:
 + Level 0.2 Fighting
 + Level 0.3 Short Blades
 + Level 2.6 Dodging
 + Level 1.9 Stealth
 + Level 2.9 Spellcasting


You couldn't memorise any spells.
You knew the following spells:

 Your Spells              Type           Power      Damage    Failure   Level
a - Foxfire               Conj/Fire      52%        2x1d6     4%          1
b - Scorch                Fire           26%        2d6       8%          2
c - Conjure Flame         Conj/Fire      13%        6-21      14%         3
d - Inner Flame           Hex/Fire       13%        N/A       14%         3
e - Flame Wave            Conj/Fire      13%        2d6       43%         4
f - Shock                 Conj/Air       52%        1d6       4%          1
Your spell library was empty.

Dungeon Overview and Level Annotations

Branches:
Dungeon (2/15)

Altars:


Innate Abilities, Weirdness & Mutations

You are immune to sickness and miasma.
You are immune to poison.
Your flesh is very heat resistant. (rF++)
You are vulnerable to cold. (rC-)
You float through the air rather than walking.
You learn spells naturally, not from books.
Your magical power is your life essence.
You have superior vitality. (+4 MHP)


Message History

The quokka is heavily wounded.
The quokka bites you. The jackal misses you.
Casting: Foxfire (safe; 4% risk of failure)
Confirm with . or Enter, or press ? or * to list all spells.
You conjure some foxfire!
The quokka misses you. The jackal barely misses you.
The jackal closely misses you. The quokka bites you.
You hit the jackal but do no damage.
The foxfire hits the jackal.
You kill the jackal!
The foxfire hits the jackal.
The jackal is almost dead.
The jackal barely misses you. The quokka misses you.
The jackal barely misses you.
You hit the jackal but do no damage.
The jackal is almost dead.
The jackal bites you but does no damage.
The quokka twitches its whiskers.
The quokka bites you but does no damage.
You closely miss the quokka.
The quokka is heavily wounded.
The jackal misses you. The quokka closely misses you.
The jackal barely misses you.
You hit the quokka but do no damage.
The quokka is heavily wounded.
The quokka bites you. The jackal bites you.
* * * LOW HITPOINT WARNING * * *
You hit the jackal.
You kill the jackal!
The quokka misses you. The quokka bites you.
* * * LOW HITPOINT WARNING * * *
Really fly into that teleport trap? [Y]es or [N]o only, please.
Really fly into that teleport trap?
Okay, then.
Found a runed whip.
Casting: Foxfire (safe; 4% risk of failure)
Confirm with . or Enter, or press ? or * to list all spells.
You conjure some foxfire!
* * * LOW HITPOINT WARNING * * *
The quokka bites you.
You die...

...... ..... #
#...# +#### .#.
...# ..).
....##..#######
...
...............
..
#..########.#
#.....<...#.#..
##.###††.r@v#.#
#.#.+...^.v#.#
#.#.#......#.#
#............#
###.#........#
#.#........#
#######
#.#.....)..#
......#
#..........#
......#
#####......#


You could see a quokka (ally target).

Vanquished Creatures
  A dart slug (D:1)
  5 bats
  3 endoplasms
  2 giant cockroaches (D:1)
  2 hobgoblins (D:1)
  2 jackals (D:2)
  A quokka (D:1)
  2 ball pythons (D:1)
  2 frilled lizards (D:1)
  3 goblins
  4 kobolds
  3 rats (D:1)
30 creatures vanquished.

Vanquished Creatures (others)
  39 foxfires
39 creatures vanquished.

Grand Total: 69 creatures vanquished

Notes
Turn   | Place    | Note
-------+----------+-------------------------------------------
     0 | D:1      | astralcataclysm the Djinni Fire Elementalist began the
                  | quest for the Orb.
     0 | D:1      | Reached XP level 1. HP: 15/15 MP: 0/0
   190 | D:1      | Reached XP level 2. HP: 16/21 MP: 0/0
   984 | D:1      | Reached XP level 3. HP: 22/25 MP: 0/0
   984 | D:1      | Learned a level 1 spell: Shock
  1624 | D:2      | Slain by a quokka

Illustrated notes

Levels and vault maps discovered:
D:1:      lemuel_arrival_tunnels, layout_loops_cross
D:2:      layout_basic, hellmonk_ecumenical_altar_prayer_group, basic_altar,
          minmay_fractal_squares_gapless_5

Action                   || total
-------------------------++-------
Melee: Dagger            ||    83
 Cast: Foxfire           ||    24
 Stab: Sleeping          ||     6
Armor: Robe              ||    13
Dodge: Dodged            ||    61
